XFBL
HOUSTON ASTROS @ ST. LOUIS CARDINALS
07/23/1982
 
TOP OF THE 1ST
Houston Astros batting - Pitching for St. Louis Cardinals : LHP Willie Hernandez
Pitching: LHP Willie Hernandez
Batting: RHB Julio Franco 0-0: Called Strike
0-1: Ball
1-1: Ground out 6-3 (Groundball, 56, EV 106.9 MPH)
Batting: RHB John Castino 0-0: Called Strike
0-1: Ball
1-1: Foul Ball, location: 2F
1-2: Ball
2-2: Ball
3-2: Foul Ball, location: 2F
3-2: Ground out 6-3 (Groundball, 6S, EV 93.8 MPH)
Batting: RHB Zail Smith 0-0: SINGLE (Groundball, 4MD, EV 94.4 MPH)
Batting: LHB Steve Kemp 0-0: Ball
1-0: Called Strike
Zail Smith steals 2nd base
1-1: Swinging Strike
1-2: Strikes out swinging
Top of the 1st over - 0 runs, 1 hit, 0 errors, 1 left on base; Houston 0 - St. Louis 0
BOTTOM OF THE 1ST
St. Louis Cardinals batting - Pitching for Houston Astros : RHP Victor Sanchez
Pitching: RHP Victor Sanchez
Batting: SHB Otis Nixon 0-0: Foul Ball, location: 2F
0-1: Ball
1-1: Foul Ball, location: 2F
1-2: Ball
2-2: SINGLE (Line Drive, 89S, EV 99.4 MPH)
Batting: LHB Jim Gantner 0-0: Ball
1-0: Foul Ball, location: 2F
1-1: Ball
2-1: Fly out, F5 (Popup, 56, EV 70.0 MPH)
Batting: RHB Sixto Lezcano 0-0: Ball
1-0: Foul Ball, location: 2F
1-1: Fly out, F5 (Popup, 5SF, EV 74.4 MPH)
Batting: LHB Pat Putnam 0-0: Ball
1-0: Called Strike
Otis Nixon steals 2nd base
1-1: Called Strike
1-2: Ball
2-2: Ball
3-2: SINGLE (Flyball, 7LS, EV 100.0 MPH)
Otis Nixon to third
Otis Nixon scores
Batting: RHB Bob Watson 0-0: Ball
1-0: Called Strike
1-1: Called Strike
1-2: Ball
2-2: Foul Ball, location: 2F
2-2: Foul Ball, location: 2F
2-2: Foul Ball, location: 2F
2-2: Foul Ball, location: 2F
2-2: Ball
3-2: SINGLE (Groundball, 4MD, EV 97.5 MPH)
Pat Putnam to second
Pat Putnam to third
Batting: LHB Mike Davis 0-0: Ball
1-0: Ball
2-0: Ball
3-0: Swinging Strike
3-1: Base on Balls
Bob Watson to second
Batting: RHB Joe Torre 0-0: Ball
1-0: Foul Ball, location: 2F
1-1: Ball
2-1: Foul Ball, location: 2F
2-2: Foul Ball, location: 2F
2-2: Ball
3-2: Base on Balls
Pat Putnam scores
Bob Watson to third
Mike Davis to second
Batting: SHB Billy E Smith 0-0: Ground out 4-3 (Groundball, 4, EV 98.8 MPH)
Bottom of the 1st over - 2 runs, 3 hits, 0 errors, 3 left on base; Houston 0 - St. Louis 2
TOP OF THE 2ND
Houston Astros batting - Pitching for St. Louis Cardinals : LHP Willie Hernandez
Batting: LHB Jose Cruz 0-0: Foul Ball, location: 2F
0-1: Called Strike
0-2: Ball
1-2: Foul Ball, location: 2F
1-2: Foul Ball, location: 2F
1-2: SINGLE (Line Drive, 6MD, EV 96.9 MPH)
Batting: SHB Christopher Clark 0-0: Ball
1-0: Foul Ball, location: 2F
1-1: Ball
2-1: Foul Ball, location: 2F
2-2: Grounds into double play, 6-4-3 (Groundball, 6, EV 79.4 MPH)
Batting: RHB Dave Valle 0-0: Ball
1-0: Foul Ball, location: 2F
1-1: Ground out 5-3 (Groundball, 5S, EV 64.4 MPH)
Top of the 2nd over - 0 runs, 1 hit, 0 errors, 0 left on base; Houston 0 - St. Louis 2
BOTTOM OF THE 2ND
St. Louis Cardinals batting - Pitching for Houston Astros : RHP Victor Sanchez
Batting: LHB Willie Hernandez 0-0: Called Strike
0-1: Ball
1-1: Swinging Strike
1-2: Strikes out swinging
Batting: SHB Otis Nixon 0-0: Ball
1-0: Ball
2-0: Called Strike
2-1: SINGLE (Groundball, 6S, EV 73.8 MPH) (infield hit)
Batting: LHB Jim Gantner 0-0: Called Strike
Otis Nixon steals 2nd base
0-1: Ball
1-1: Ball
2-1: SINGLE (Line Drive, 6MD, EV 101.3 MPH)
Otis Nixon to third
Runner from 3rd tries for Home, throw by CF and OUT! 8-2
Batting: RHB Sixto Lezcano 0-0: Fly out, F4 (Flyball, 4D, EV 87.5 MPH)
Bottom of the 2nd over - 0 runs, 2 hits, 0 errors, 1 left on base; Houston 0 - St. Louis 2
TOP OF THE 3RD
Houston Astros batting - Pitching for St. Louis Cardinals : LHP Willie Hernandez
Batting: SHB Tom Herr 0-0: Ball
1-0: Ball
2-0: Foul Ball, location: 2F
2-1: Foul Ball, location: 2F
2-2: Foul Ball, location: 2F
2-2: Strikes out swinging
Batting: SHB Victor Sanchez 0-0: SINGLE (Groundball, 56D, EV 108.1 MPH)
Batting: RHB Julio Franco 0-0: Ball
1-0: Ground out 6-3 (Groundball, 6S, EV 63.1 MPH)
Victor Sanchez to second
Batting: RHB John Castino 0-0: Ball
1-0: SINGLE (Line Drive, 3D, EV 101.9 MPH)
Victor Sanchez to third
Runner from 3rd tries for Home, SAFE, throw by RF to home
John Castino to second
Batting: RHB Zail Smith 0-0: Called Strike
0-1: SINGLE (Groundball, 25, EV 61.9 MPH) (infield hit)
John Castino to third
Batting: LHB Steve Kemp 0-0: Ball
1-0: Ground out U3 (Groundball, 3S, EV 81.9 MPH)
Top of the 3rd over - 1 run, 3 hits, 0 errors, 2 left on base; Houston 1 - St. Louis 2
BOTTOM OF THE 3RD
St. Louis Cardinals batting - Pitching for Houston Astros : RHP Victor Sanchez
Batting: LHB Pat Putnam 0-0: Fly out, F8 (Flyball, 8RXD, EV 89.4 MPH)
Batting: RHB Bob Watson 0-0: Called Strike
0-1: Ball
1-1: Called Strike
1-2: Fly out, F8 (Flyball, 8LXD, EV 81.9 MPH)
Batting: LHB Mike Davis 0-0: Called Strike
0-1: Fly out, F7 (Flyball, 78D, EV 85.0 MPH)
Bottom of the 3rd over - 0 runs, 0 hits, 0 errors, 0 left on base; Houston 1 - St. Louis 2
TOP OF THE 4TH
Houston Astros batting - Pitching for St. Louis Cardinals : LHP Willie Hernandez
Batting: LHB Jose Cruz 0-0: Ball
1-0: Foul Ball, location: 2F
1-1: Ball
2-1: Swinging Strike
2-2: Ball
3-2: Ground out U3 (Groundball, 3, EV 77.5 MPH)
Batting: SHB Christopher Clark 0-0: Ball
1-0: Ball
2-0: Called Strike
2-1: Ball
3-1: Foul Ball, location: 2F
3-2: SOLO HOME RUN (Flyball, 7D, EV 99.4 MPH), Distance : 387 ft
Batting: RHB Dave Valle 0-0: Ground out 6-3 (Groundball, 6S, EV 85.6 MPH)
Batting: SHB Tom Herr 0-0: Fly out, F5 (Popup, 56S, EV 77.5 MPH)
Top of the 4th over - 1 run, 1 hit, 0 errors, 0 left on base; Houston 2 - St. Louis 2
BOTTOM OF THE 4TH
St. Louis Cardinals batting - Pitching for Houston Astros : RHP Victor Sanchez
Batting: RHB Joe Torre 0-0: Called Strike
0-1: Ball
1-1: Called Strike
1-2: Foul Ball, location: 2F
1-2: Fly out, F9 (Flyball, 89M, EV 94.4 MPH)
Batting: SHB Billy E Smith 0-0: Fly out, F9 (Line Drive, 9, EV 88.8 MPH)
Batting: LHB Willie Hernandez 0-0: Called Strike
0-1: Ground out 6-3 (Groundball, 6, EV 81.9 MPH)
Bottom of the 4th over - 0 runs, 0 hits, 0 errors, 0 left on base; Houston 2 - St. Louis 2
TOP OF THE 5TH
Houston Astros batting - Pitching for St. Louis Cardinals : LHP Willie Hernandez
Batting: SHB Victor Sanchez 0-0: Ball
1-0: Swinging Strike
1-1: Called Strike
1-2: Ball
2-2: Ball
3-2: Strikes out swinging
Batting: RHB Julio Franco 0-0: Called Strike
0-1: Fly out, F9 (Flyball, 9D, EV 78.1 MPH)
Batting: RHB John Castino 0-0: Ball
1-0: Ball
2-0: Ground out 6-3 (Groundball, 6S, EV 70.6 MPH)
Top of the 5th over - 0 runs, 0 hits, 0 errors, 0 left on base; Houston 2 - St. Louis 2
BOTTOM OF THE 5TH
St. Louis Cardinals batting - Pitching for Houston Astros : RHP Victor Sanchez
Batting: SHB Otis Nixon 0-0: Ball
1-0: Foul Ball, location: 2F
1-1: Fly out, F3 (Popup, 34, EV 70.6 MPH)
Batting: LHB Jim Gantner 0-0: Swinging Strike
0-1: Ball
1-1: Foul Ball, location: 2F
1-2: Ball
2-2: SINGLE (Line Drive, 3D, EV 98.1 MPH)
Batting: RHB Sixto Lezcano 0-0: Ball
1-0: Fielders Choice at 2nd, 5-4 (Groundball, 5L, EV 85.6 MPH)
Batting: LHB Pat Putnam 0-0: Ball
Sixto Lezcano steals 2nd base
1-0: Ball
2-0: Called Strike
2-1: Ground out 4-3 (Groundball, 4, EV 80.6 MPH)
Bottom of the 5th over - 0 runs, 1 hit, 0 errors, 1 left on base; Houston 2 - St. Louis 2
TOP OF THE 6TH
Houston Astros batting - Pitching for St. Louis Cardinals : LHP Willie Hernandez
Batting: RHB Zail Smith 0-0: Foul Ball, location: 2F
0-1: DOUBLE (Line Drive, 7LD, EV 98.8 MPH)
Batting: LHB Steve Kemp 0-0: Called Strike
0-1: Called Strike
0-2: Ball
1-2: Ball
2-2: Ball
3-2: Ground out 4-3 (Groundball, 4, EV 82.5 MPH)
Zail Smith to third
Batting: LHB Jose Cruz 0-0: Ball
1-0: Ball
2-0: SINGLE (Groundball, 4D, EV 93.8 MPH)
Zail Smith scores
Batting: SHB Christopher Clark 0-0: SINGLE (Groundball, 34D, EV 99.4 MPH)
Jose Cruz to second
Runner from 2nd tries for 3rd, SAFE, throw by RF made to third
Batting: RHB Dave Valle 0-0: Called Strike
0-1: Swinging Strike
0-2: Foul Ball, location: 2F
0-2: Foul Ball, location: 2F
0-2: Ball
1-2: Fly out, F4 (Flyball, 34D, EV 91.3 MPH)
Batting: SHB Tom Herr 0-0: Swinging Strike
0-1: Fly out, F7 (Line Drive, 7, EV 95.0 MPH)
Top of the 6th over - 1 run, 3 hits, 0 errors, 2 left on base; Houston 3 - St. Louis 2
BOTTOM OF THE 6TH
St. Louis Cardinals batting - Pitching for Houston Astros : RHP Victor Sanchez
Batting: RHB Bob Watson 0-0: SINGLE (Groundball, 4MD, EV 97.5 MPH)
Batting: LHB Mike Davis 0-0: Called Strike
0-1: Foul Ball, location: 2F
0-2: Strikes out looking
Batting: RHB Joe Torre 0-0: Called Strike
0-1: Foul Ball, location: 2F
0-2: Ball
1-2: SINGLE (Line Drive, 4MD, EV 97.5 MPH)
Bob Watson to second
Batting: SHB Billy E Smith 0-0: Ball
1-0: Called Strike
1-1: Grounds into double play, 6-4-3 (Groundball, 6, EV 87.5 MPH)
Bottom of the 6th over - 0 runs, 2 hits, 0 errors, 1 left on base; Houston 3 - St. Louis 2
TOP OF THE 7TH
Houston Astros batting - Pitching for St. Louis Cardinals : LHP Willie Hernandez
Batting: SHB Victor Sanchez 0-0: Ball
1-0: Called Strike
1-1: Ball
2-1: Ball
3-1: Ground out 6-3 (Groundball, 6, EV 84.4 MPH)
Batting: RHB Julio Franco 0-0: Swinging Strike
0-1: Swinging Strike
0-2: Ball
1-2: Ball
2-2: Strikes out looking
Batting: RHB John Castino 0-0: Called Strike
0-1: Ball
1-1: Ball
2-1: Foul Ball, location: 2F
2-2: Strikes out swinging
Top of the 7th over - 0 runs, 0 hits, 0 errors, 0 left on base; Houston 3 - St. Louis 2
BOTTOM OF THE 7TH
St. Louis Cardinals batting - Pitching for Houston Astros : RHP Victor Sanchez
Batting: LHB Willie Hernandez 0-0: Swinging Strike
0-1: Foul Ball, location: 2F
0-2: Strikes out swinging
Batting: SHB Otis Nixon 0-0: Called Strike
0-1: Ball
1-1: Ball
2-1: Ground out 6-3 (Groundball, 6D, EV 81.9 MPH)
Batting: LHB Jim Gantner 0-0: Ball
1-0: Foul Ball, location: 2F
1-1: Foul Ball, location: 2F
1-2: Ground out 4-3 (Groundball, 4, EV 88.8 MPH)
Bottom of the 7th over - 0 runs, 0 hits, 0 errors, 0 left on base; Houston 3 - St. Louis 2
TOP OF THE 8TH
Houston Astros batting - Pitching for St. Louis Cardinals : LHP Willie Hernandez
Batting: RHB Zail Smith 0-0: Fly out, F7 (Flyball, 7D, EV 105.0 MPH)
Batting: LHB Steve Kemp 0-0: Called Strike
0-1: Ball
1-1: Ground out 4-3 (Groundball, 4S, EV 85.6 MPH)
Batting: LHB Jose Cruz 0-0: Fly out, F6 (Popup, 5D, EV 43.8 MPH)
Top of the 8th over - 0 runs, 0 hits, 0 errors, 0 left on base; Houston 3 - St. Louis 2
BOTTOM OF THE 8TH
St. Louis Cardinals batting - Pitching for Houston Astros : RHP Victor Sanchez
Batting: RHB Sixto Lezcano 0-0: Called Strike
0-1: Ball
1-1: SOLO HOME RUN (Flyball, 7D, EV 96.9 MPH), Distance : 366 ft
Batting: LHB Pat Putnam 0-0: Ball
1-0: Swinging Strike
1-1: Swinging Strike
1-2: Ball
2-2: Foul Ball, location: 2F
2-2: Foul Ball, location: 2F
2-2: Ball
3-2: Foul Ball, location: 2F
3-2: Strikes out swinging
Pitching: LHP Mike Caldwell
Batting: RHB Bob Watson 0-0: Ball
1-0: Called Strike
1-1: SINGLE (Flyball, 56D, EV 90.0 MPH)
Batting: LHB Mike Davis 0-0: Ball
1-0: Ball
2-0: Called Strike
2-1: Fly out, F4 (Flyball, 3D, EV 90.6 MPH)
Batting: RHB Joe Torre 0-0: Called Strike
0-1: Fielders Choice at 2nd, 6-4 (Groundball, 6, EV 83.1 MPH)
Bottom of the 8th over - 1 run, 2 hits, 0 errors, 1 left on base; Houston 3 - St. Louis 3
TOP OF THE 9TH
Houston Astros batting - Pitching for St. Louis Cardinals : LHP Willie Hernandez
Batting: SHB Christopher Clark 0-0: Ball
1-0: Fly out, F9 (Flyball, 9, EV 96.3 MPH)
Batting: RHB Dave Valle 0-0: Ball
1-0: Foul Ball, location: 2F
1-1: Ground out 4-3 (Groundball, 4, EV 84.4 MPH)
Batting: SHB Tom Herr 0-0: Ball
1-0: Ground out 5-3 (Groundball, 5S, EV 70.0 MPH)
Top of the 9th over - 0 runs, 0 hits, 0 errors, 0 left on base; Houston 3 - St. Louis 3
BOTTOM OF THE 9TH
St. Louis Cardinals batting - Pitching for Houston Astros : LHP Mike Caldwell
Batting: SHB Billy E Smith 0-0: Ball
1-0: Foul Ball, location: 2F
1-1: Called Strike
1-2: Strikes out swinging
Pinch Hitting: RHB Craig Stimac 0-0: Called Strike
0-1: Swinging Strike
0-2: Strikes out looking
Batting: SHB Otis Nixon 0-0: Ball
1-0: Foul Ball, location: 2F
1-1: Swinging Strike
1-2: Strikes out swinging
Bottom of the 9th over - 0 runs, 0 hits, 0 errors, 0 left on base; Houston 3 - St. Louis 3
TOP OF THE 10TH
Houston Astros batting - Pitching for St. Louis Cardinals : LHP Willie Hernandez
Pitching: RHP Larry Andersen
Pinch Hitting: LHB George Vukovich 0-0: Ground out U3 (Groundball, 3, EV 100.0 MPH)
Batting: RHB Julio Franco 0-0: Foul Ball, location: 2F
0-1: Swinging Strike
0-2: Fly out, F8 (Flyball, 8RD, EV 101.3 MPH)
Batting: RHB John Castino 0-0: Foul Ball, location: 2F
0-1: Ground out 6-3 (Groundball, 6, EV 85.6 MPH)
Top of the 10th over - 0 runs, 0 hits, 0 errors, 0 left on base; Houston 3 - St. Louis 3
BOTTOM OF THE 10TH
St. Louis Cardinals batting - Pitching for Houston Astros : LHP Mike Caldwell
Pitching: RHP Luis Aponte
Batting: LHB Jim Gantner 0-0: Ball
1-0: Ball
2-0: Ground out 4-3 (Groundball, 4, EV 85.0 MPH)
Batting: RHB Sixto Lezcano 0-0: Foul Ball, location: 2F
0-1: Foul Ball, location: 2F
0-2: SINGLE (Groundball, 4MD, EV 94.4 MPH)
Batting: LHB Pat Putnam 0-0: Called Strike
0-1: Ball
1-1: Ball
2-1: Ball
3-1: Swinging Strike
3-2: Ground out 4-3 (Groundball, 4M, EV 86.3 MPH)
Sixto Lezcano to second
Batting: RHB Bob Watson 0-0: SINGLE (Groundball, 6MD, EV 96.9 MPH)
Sixto Lezcano to third
Runner from 3rd tries for Home, SAFE, throw by CF to home
Bottom of the 10th over - 1 run, 2 hits, 0 errors, 0 left on base; Houston 3 - St. Louis 4
Monday, August 17th, 2020 - OOTP Baseball 21.5 Build 76